AoeStats
← Infadel

Arabia

508062876Analyzed
1v1 RM · 13d ago on Sep 20, 2026· 31m 10s· 2 players
Game mode
Random Map
Map size
Tiny (2 player)
Population
200
Speed
Normal
Resources
Standard
Victory
Conquest
Starting age
Dark Age
Ending age
Imperial Age
RankedLock teamsTeams togetherTeam positionsShared explorationLock speedFull tech treeHidden civsTurbo modeCheats
Victory
Defeat
🇮🇳 Saracens · India
1066
+16
🇩🇪 Tatars · Germany
1060
-16
bigBAGGER
4:05 Loom
7:58 Loom
10:01 Feudal Age
11:01 Horse Collar
18:22 Forging
24:37 Castle Age
24:20 Double-Bit Axe
25:24 Fletching
28:52 Padded Archer Armor
Infadel
7:31 Loom
9:55 Feudal Age
11:27 Double-Bit Axe
22:18 Forging
24:47 Castle Age
22:58 Fletching
23:09 Padded Archer Armor
24:20 Gold Mining
24:31 Horse Collar
24:54 Crossbowman
25:54 Bow Saw
26:44 Thumb Ring
28:08 Town Watch
30:55 Wheelbarrow
Connection lost

Rejoining the realm…

Still unreachable

The connection could not be restored.

Session expired

The server has moved on; the page needs a fresh start.